Map: Lerilak Crest

Players

capac - Winner!

  • Race: Terran Terran
  • League: Gold

A.I. 1 (Elite)

  • Race: Terran Terran

VOD

Have the link to the VOD?

Description

Time

  • Played on: March 18, 2016, 2:49 p.m.
  • Length: 21:19
Show
View Real Time Build Order
Export as new Build Order

capac Terran - Winner!

Build Orders:  

Get SALT Encoding   

  12  0:01  SCV  
  13  0:13  SCV  
  14  0:18  Supply Depot  
  14  0:25  SCV  
  15  0:40  SCV  
  15  0:42  Barracks  
  16  0:44  Refinery  
  16  0:52  SCV  
  17  1:04  SCV  
  18  1:16  SCV  
  19  1:28  SCV  
  19  1:32  Reaper  
  21  1:39  Command Center  
  21  1:47  Orbital Command  
  21  1:56  Supply Depot  
  21  2:10  Barracks Reactor  
  21  2:18  SCV  
  22  2:24  Factory  
  22  2:26  Refinery  
  22  2:41  SCV  
  22  2:53  SCV  
  22  2:55  Marine x2  
  25  2:58  Orbital Command  
  25  3:05  Bunker, SCV  
  26  3:13  Marine x2  
  26  3:14  Factory Tech Lab  
  26  3:15  Starport  
  28  3:22  Barracks, SCV  
  29  3:31  SCV  
  30  3:34  SCV  
  30  3:36  Siege Tank  
  34  3:43  SCV  
  34  3:46  SCV  
  36  3:52  Supply Depot  
  36  3:55  SCV, Medivac  
  39  3:57  Marine  
  39  3:58  Marine  
  39  4:02  SCV  
  42  4:04  Refinery  
  42  4:07  SCV  
  43  4:12  Barracks Tech Lab  
  43  4:16  Supply Depot  
  43  4:18  Marine x2, SCV  
  43  4:22  Siege Tank  
  49  4:29  SCV  
  49  4:30  SCV  
  49  4:31  Supply Depot  
  51  4:39  Marine x3  
  51  4:44  Starport Reactor  
  55  4:45  SCV x2  
  55  4:47  Supply Depot  
  56  5:01  Barracks, Marine x2  
  56  5:02  Marine  
  56  5:03  Stimpack  
  56  5:05  SCV x2  
  61  5:09  Refinery  
  61  5:15  Supply Depot  
  61  5:17  SCV x2  
  61  5:19  Marine x2  
  65  5:21  Medivac  
  65  5:22  Medivac  
  65  5:23  Siege Tank  
  72  5:29  SCV  
  72  5:30  SCV  
  74  5:37  Marine x3  
  74  5:41  SCV  
  74  5:42  SCV  
  79  5:43  Supply Depot  
  79  5:54  SCV x2, Medivac x2  
  79  5:56  Barracks Reactor  
  85  6:05  Siege Tank  
  85  6:06  Supply Depot  
  85  6:08  Supply Depot  
  85  6:11  Liberator x2  
  88  6:15  Marine x3  
  91  6:31  Supply Depot  
  97  6:33  Marine x2  
  97  6:36  Command Center  
  99  6:48  Marine  
  99  6:49  Marine x2  
  99  6:51  Siege Tank  
  105  6:55  Supply Depot  
  105  6:56  Liberator, SCV  
  105  6:57  Liberator, SCV  
  107  7:02  Marine x2  
  109  7:09  SCV x2  
  117  7:39  Liberator x2  
  95  7:52  Marine x5  
  106  8:10  Marine x3  
  109  8:14  Command Center  
  109  8:15  Supply Depot  
  109  8:17  Siege Tank  
  112  8:50  Marine x4  
  112  8:51  Marine  
  112  8:52  Siege Tank  
  120  8:56  Supply Depot  
  120  9:04  Factory  
  120  9:06  Barracks  
  120  9:08  Barracks  
  95  10:18  Marine x5  
  89  10:31  Barracks Reactor x2  
  89  10:32  Factory Tech Lab  
  89  10:36  Marine x3  
  89  10:37  Starport  
  89  10:38  Orbital Command  
  92  10:51  Siege Tank  
  92  10:53  Siege Tank  
  92  10:54  Marine x4  
  92  10:55  Marine  
  103  10:59  Refinery  
  103  11:04  Refinery  
  100  11:17  Marine x5  
  100  11:18  Marine x4  
  106  11:33  Supply Depot  
  106  11:34  Liberator x2  
  106  11:35  Siege Tank  
  106  11:36  Marine  
  106  11:37  Marine x6  
  106  11:38  Marine x2  
  118  11:42  Siege Tank  
  118  11:45  Starport Reactor  
  121  11:49  Starport  
  127  12:00  Marine  
  127  12:01  Marine x6  
  129  12:02  Marine  
  129  12:06  Liberator x2  
  135  12:11  Siege Tank  
  135  12:12  Marine  
  139  12:18  Marine x2  
  139  12:19  Marine x5  
  139  12:20  Marine  
  147  12:25  Starport Reactor  
  153  12:30  Marine  
  153  12:35  Supply Depot  
  153  12:36  Medivac x2  
  158  12:39  Supply Depot  
  158  12:43  Factory  
  158  12:47  Marine x5  
  158  12:48  Marine x3  
  158  12:49  Combat Shields  
  169  12:51  Siege Tank  
  169  12:53  Siege Tank  
  169  12:55  Liberator x2  
  172  12:59  Supply Depot  
  172  13:08  Medivac  
  172  13:09  Medivac  
  182  13:13  Medivac x2  
  182  13:14  Marine x4  
  182  13:15  Marine x3  
  182  13:16  Marine  
  194  13:30  Factory Tech Lab  
  194  13:44  Engineering Bay  
  194  14:14  Medivac  
  194  14:15  Medivac  
  194  14:16  Medivac  
  99  16:43  Marine  
  99  16:44  Marine x6  
  99  16:45  Marine x2  
  100  17:01  Marine x2  
  100  17:02  Marine x5  
  107  17:36  Marine x3  
  107  17:37  Marine x6  
  116  17:54  Marine x5  
  116  17:55  Marine x4  
  125  18:12  Marine x6  
  129  18:13  Marine x3  
  134  18:24  Orbital Command  
  134  18:29  Marine  
  134  18:30  Marine x6  
  134  18:31  Marine x2  
  143  18:47  Marine x2  
  145  19:02  Marine x2  
  145  19:03  Marine x5  
  145  19:05  Marine x2  
Show
View Real Time Build Order
Export as new Build Order

A.I. 1 (Elite) Terran 

Build Orders: MMM Bio 

Get SALT Encoding   

  12  0:00  SCV  
  13  0:13  SCV  
  14  0:18  Supply Depot  
  14  0:25  SCV  
  15  0:40  SCV  
  15  0:42  Barracks  
  16  0:52  SCV  
  17  1:04  SCV  
  18  1:16  SCV  
  19  1:19  Command Center  
  19  1:30  Marine  
  20  1:33  Orbital Command  
  20  1:39  Refinery  
  20  1:47  Marine  
  20  1:50  Supply Depot  
  21  1:59  SCV  
  22  2:02  Refinery  
  22  2:05  Marine  
  23  2:15  Barracks, SCV  
  23  2:25  Marine  
  23  2:28  SCV  
  25  2:31  SCV  
  25  2:32  Supply Depot  
  25  2:40  SCV  
  26  2:44  SCV  
  27  2:57  Orbital Command  
  27  2:59  Marine  
  27  3:00  SCV  
  29  3:14  Factory, SCV  
  29  3:18  Marine  
  29  3:19  Marine  
  32  3:23  SCV  
  34  3:27  SCV  
  34  3:35  SCV  
  34  3:36  Marine  
  34  3:37  Marine  
  34  3:39  SCV  
  38  3:44  Barracks  
  38  3:47  SCV  
  39  3:51  SCV  
  39  3:54  Barracks Tech Lab  
  39  3:55  Barracks Tech Lab  
  40  3:58  Factory Tech Lab  
  40  3:59  SCV  
  40  4:00  Supply Depot  
  41  4:03  SCV  
  42  4:12  SCV  
  42  4:13  Marine x2  
  42  4:15  SCV, Stimpack  
  42  4:16  Siege Tank  
  49  4:19  Combat Shields  
  49  4:24  SCV  
  50  4:27  SCV  
  50  4:31  Marine x3  
  53  4:33  Supply Depot  
  53  4:36  SCV  
  55  4:39  SCV  
  55  4:40  Supply Depot  
  56  4:48  SCV  
  56  4:49  Marauder x2  
  56  4:51  SCV  
  62  5:00  SCV  
  62  5:03  SCV  
  62  5:05  Refinery  
  64  5:10  Engineering Bay, Marauder, Barracks Reactor  
  64  5:11  Marauder  
  64  5:12  SCV  
  69  5:18  Supply Depot, SCV  
  69  5:21  Command Center  
  70  5:24  SCV  
  71  5:31  SCV  
  71  5:32  Marauder  
  71  5:35  Marauder  
  76  5:36  SCV  
  76  5:37  Terran Infantry Weapons Level 1  
  77  5:43  SCV  
  77  5:44  Supply Depot  
  77  5:47  Engineering Bay  
  77  5:48  SCV  
  79  5:51  Siege Tank  
  79  5:53  Marauder  
  79  5:57  Concussive Shells, Marauder  
  86  6:05  Missile Turret  
  86  6:09  Supply Depot  
  86  6:10  Missile Turret  
  86  6:13  Terran Infantry Armor Level 1  
  86  6:14  Marauder  
  86  6:15  Barracks  
  88  6:20  Starport  
  88  6:23  Siege Tank  
  91  6:26  Refinery, Marauder  
  91  6:30  Marine  
  94  6:33  Supply Depot, SCV x3  
  97  6:45  SCV  
  97  6:46  SCV, Missile Turret, Orbital Command  
  99  6:53  Missile Turret  
  99  6:55  Marine, Siege Tank  
  99  6:57  SCV, Medivac  
  99  6:58  SCV  
  107  7:08  Refinery  
  107  7:09  SCV  
  107  7:10  SCV  
  107  7:12  SCV  
  107  7:14  Supply Depot  
  110  7:17  Marauder x2  
  110  7:19  Missile Turret  
  110  7:21  SCV  
  115  7:23  SCV  
  115  7:24  SCV  
  115  7:27  Widow Mine, Starport Reactor  
  116  7:33  SCV  
  116  7:35  SCV  
  115  7:37  Supply Depot, Command Center  
  83  7:55  Command Center  
  83  7:56  Siege Tank  
  83  7:57  Marine  
  87  7:58  Marine  
  87  8:00  Marine  
  87  8:01  Marine  
  87  8:03  Viking, Marine  
  87  8:04  Medivac  
  95  8:06  SCV  
  95  8:07  SCV  
  97  8:14  Marine  
  97  8:17  Marauder, Marine  
  97  8:18  SCV  
  97  8:19  Marine  
  103  8:20  Marine  
  103  8:24  SCV  
  105  8:30  SCV  
  105  8:32  Marine  
  105  8:33  Viking  
  105  8:34  Viking  
  111  8:35  Marine  
  111  8:36  SCV  
  111  8:38  Marauder  
  111  8:41  Marine  
  116  8:42  Supply Depot, SCV  
  116  8:46  Liberator x2  
  116  8:48  SCV  
  118  8:49  SCV  
  118  8:51  Marauder  
  118  8:54  SCV  
  128  9:16  Marine  
  128  9:18  SCV  
  128  9:19  Marine  
  128  9:21  SCV  
  128  9:22  SCV  
  125  9:29  Liberator x2  
  125  9:30  SCV  
  118  9:38  SCV  
  119  9:39  SCV  
  119  9:41  Marauder  
  119  9:42  SCV  
  123  9:52  Command Center  
  127  9:55  Armory  
  127  9:57  SCV  
  127  9:59  SCV  
  111  10:07  Marine  
  111  10:09  SCV  
  111  10:11  Liberator, SCV  
  94  10:24  Marine  
  94  10:26  Marine  
  83  10:28  Marine  
  83  10:31  Marine  
  83  10:33  Marine  
  81  10:39  Liberator, SCV  
  81  10:42  Terran Infantry Weapons Level 2, Marine  
  81  10:45  Marauder  
  81  10:48  Marine  
  81  10:49  Marine  
  84  10:52  Marine  
  84  10:55  SCV  
  84  10:56  SCV  
  90  11:00  Marauder  
  90  11:05  Marine x2  
  90  11:08  SCV  
  90  11:10  SCV  
  93  11:14  Marine  
  93  11:15  Marine  
  93  11:17  Command Center  
  93  11:20  SCV  
  93  11:21  Marauder  
  93  11:22  SCV  
  93  11:23  Marine  
  98  11:28  Marine  
  99  11:32  SCV  
  99  11:34  SCV  
  101  11:42  Marauder, Siege Tank  
  101  11:45  SCV  
  101  11:46  SCV  
  108  11:57  SCV  
  109  12:03  SCV  
  110  12:09  SCV  
  110  12:11  SCV  
  110  12:14  Hellion  
  115  12:15  SCV  
  115  12:23  SCV  
  116  12:34  Factory  
  116  12:35  Siege Tank  
  119  12:49  Infernal Pre-Igniter  
  119  12:57  Orbital Command  
  119  12:58  Command Center  
  119  13:08  Terran Infantry Weapons Level 3, Hellion  
  121  13:17  Missile Turret  
  121  13:18  Hellion  
  123  13:20  Missile Turret  
  123  13:22  Factory  
  123  13:27  Planetary Fortress  
  123  13:29  Siege Tank  
  123  13:31  Terran Vehicle Weapons Level 1  
  126  13:39  Hellion  
  128  13:41  Armory  
  128  13:47  Missile Turret  
  128  14:00  Factory Tech Lab, Thor  
  134  14:06  Supply Depot, Hellion  
  134  14:07  Liberator  
  134  14:09  Liberator  
  136  14:13  SCV x3  
  136  14:14  Refinery, Terran Infantry Armor Level 2, SCV  
  136  14:15  Refinery  
  140  14:19  Hellion  
  140  14:22  Refinery  
  142  14:26  Widow Mine, Planetary Fortress  
  142  14:28  Terran Vehicle And Ship Armor Level 1  
  142  14:29  Missile Turret  
  150  14:32  Missile Turret  
  150  14:37  Supply Depot, Marine x3  
  150  14:38  Marine x2  
  155  14:40  Thor  
  155  14:44  Siege Tank  
  104  14:55  Marine x4  
  104  14:56  Factory Tech Lab, Marine  
  109  15:07  Medivac  
  109  15:10  Viking  
  109  15:13  Marauder, Marine x4  
  119  15:15  Siege Tank  
  119  15:16  Siege Tank  
  119  15:20  SCV  
  99  15:22  SCV  
  99  15:23  Hellion, SCV  
  99  15:24  SCV  
  102  15:30  Marine  
  102  15:31  Marine x3  
  102  15:35  Marauder, SCV  
  107  15:37  SCV x2  
  107  15:40  SCV  
  89  15:44  Widow Mine  
  89  15:47  Siege Tank, SCV  
  89  15:48  Siege Tank  
  89  15:49  Marauder, Marine x3, SCV  
  94  15:50  SCV  
  94  15:52  SCV  
  94  15:53  Starport  
  94  15:56  Marine  
  88  15:59  SCV  
  88  16:01  SCV  
  88  16:02  SCV  
  83  16:07  Marine x3  
  83  16:10  Marauder  
  87  16:12  SCV  
  87  16:13  Marine, Hellion, SCV  
  83  16:19  Siege Tank  
  83  16:20  Hellion  
  83  16:23  SCV  
  83  16:24  Marine  
  83  16:25  Marine, SCV  
  83  16:26  Marine  
  83  16:28  SCV  
  83  16:29  Starport Tech Lab, SCV  
  83  16:31  Marauder  
  83  16:32  Marauder  
  88  16:34  Siege Tank  
  88  16:35  SCV  
  92  16:42  Marine x2, Hellion  
  92  16:46  Marine  
  85  16:47  Viking, SCV  
  85  16:51  Siege Tank  
  85  16:52  Marine  
  85  16:53  Marine  
  86  16:56  SCV  
  86  17:00  Marine, Liberator, SCV x2  
  86  17:01  Marine  
  82  17:03  Marine, Hellion  
  82  17:06  Siege Tank  
  83  17:10  Marine  
  83  17:11  Marauder  
  78  17:18  Marine x2  
  78  17:19  SCV  
  78  17:20  Command Center  
  78  17:21  Marine  
  81  17:23  Hellion  
  81  17:24  SCV  
  81  17:25  SCV  
  81  17:26  SCV  
  81  17:28  Marine  
  75  17:31  SCV  
  75  17:36  Marine, Hellion  
  72  17:38  Siege Tank  
  72  17:41  Marine  
  65  17:46  Marine, Hellion  
  60  18:07  SCV  
  60  18:10  SCV  
  60  18:11  Hellion  
  59  18:19  Barracks  
  58  18:32  SCV  
  57  18:34  SCV  
  57  18:39  SCV  
  57  18:40  SCV  
  44  18:54  SCV  
  44  18:55  SCV  
  40  18:58  SCV  
  40  19:01  SCV  
  38  19:06  SCV  
  38  19:07  Marine, SCV  
  38  19:10  SCV  
  38  19:13  SCV  
  39  19:18  SCV  
  39  19:20  SCV  
  39  19:21  Factory  
  42  19:24  Marine  
  42  19:25  SCV  
  42  19:33  SCV  
  42  19:38  Supply Depot  
  30  19:59  Marine, Command Center  
  31  20:03  Supply Depot  
  25  20:17  Marine  
  16  20:42  Factory  
  15  20:45  Marine  
  13  21:11  Command Center  
Tags
 
Composition
MMM Bio
League
Gold
Matchup
TvT
Race
Terran
Add a new tag
Caveats
  • Supply blocks, unpowered buildings, or Contaminate may cause inaccurate times.
  • Supply counts are checked every 10 seconds.